 Seeded DCSS version 0.30-a0-738-g116ff8c4af (webtiles) character file.

Game seed: 5430720872467839093 (custom seed)

200760 purpskrrrp the Wrestler (level 17, -12/170 HPs)
             Began as a Troll Fighter on Feb 4, 2023.
             Was the Champion of Hepliaklqana.
             Mangled by a naga warrior
             ... wielding a +0 scimitar
              (19 damage)
             ... on level 4 of the Snake Pit.
             The game lasted 00:58:42 (25370 turns).

purpskrrrp the Wrestler (Troll Fighter)            Turns: 25370, Time: 00:58:43

Health: -12/170    AC: 26    Str: 40    XL:     17   Next: 89%
Magic:  16/16      EV:  4    Int:  4    God:    Hepliaklqana [******]
Gold:   2718       SH: 18    Dex:  9    Spells: 16/16 levels left

rFire   . . .      SeeInvis .      - Unarmed
rCold   . . .      Faith    .    b - +1 kite shield
rNeg    . . .      Spirit   .    G - +6 shadow dragon scales
rPois   .          Reflect  +    R - +2 hood of the Assassin {Detect Stab+ Stlth++}
rElec   .          Harm     .    r - scarf {shadows}
rCorr   .          Rampage  .    (gloves unavailable)
Will    +....      Clarity  +    (boots unavailable)
Stlth   ++++++                   S - amulet of reflection
HPRegen 1.28/turn                l - +6 ring of strength
MPRegen 0.15/turn                T - ring of poison resistance

@: lethally poisoned (-12 -> -27), poison vulnerable, slowed, constricted, very
slow
A: reduced essence, large, unfitting armour, claws 3, regeneration 1, shaggy fur
1, tough skin 1, horns 1, clarity, wild magic 1
}: 1/15 runes: decaying
a: Renounce Religion, Recall Ancestor, Ancestor Identity, Transference, Idealise


You were on level 4 of the Snake Pit.
You worshipped Hepliaklqana.
Hepliaklqana was exalted by your worship.
You visited 6 branches of the dungeon, and saw 31 of its levels.
You also visited: Gauntlet.

You collected 4138 gold pieces.
You spent 1420 gold pieces at shops.

Inventory:

Hand Weapons
 D - a +5 vampiric giant spiked club
 K - the +5 consecrated labrys {holy, Valiant Fragile Fly SInv}
   (You took it off a minotaur in a Gauntlet)

   Valiant:   It becomes more powerful as more dangerous foes come into view.
   SInv:      It lets you see invisible.
   Fly:       It grants you flight.
   Fragile:   It will be destroyed if unequipped.
Missiles
 f - 25 large rocks
 V - 3 silver javelins
Armour
 b - a +1 kite shield (worn)
 r - a scarf of shadows (worn)
 G - +6 shadow dragon scales (worn)
 R - the +2 hood of the Assassin (worn) {Detect Stab+ Stlth++}
   (You bought it in a shop on level 2 of the Orcish Mines)

   Detect:    It allows the wearer to sense nearby creatures.
   Stab+:     It allows the wearer to make particularly effective stabbing
   attacks against helpless or unaware enemies with any weapon.
   Stlth:     It makes you much more stealthy.
Jewellery
 h - a ring of see invisible
 i - a ring of protection from cold
 l - a +6 ring of strength (left claw)
 n - a +4 ring of slaying
 q - a ring of protection from cold
 A - a +4 ring of protection
 I - a ring of protection from fire
 Q - a +4 ring of slaying
 S - an amulet of reflection (around neck)
 T - a ring of poison resistance (right claw)
Wands
 g - a wand of paralysis (28)
 j - a wand of roots (6)
 s - a wand of mindburst (51)
 B - a wand of digging (6)
 E - a wand of flame (23)
 M - a wand of polymorph (16)
Scrolls
 a - 7 scrolls of identify
 c - a scroll of silence
 o - 14 scrolls of teleportation
 p - 3 scrolls of fear
 v - 2 scrolls of poison
 y - 6 scrolls of magic mapping
 P - a scroll of fog
Potions
 d - 13 potions of curing
 e - 5 potions of haste
 k - 2 potions of berserk rage
 m - 6 potions of heal wounds
 t - 10 potions of ambrosia
 u - a potion of invisibility
 z - 2 potions of resistance
 F - 4 potions of might
 L - 5 potions of flight
 U - 2 potions of cancellation


   Skills:
 + Level 16.6 Fighting
 + Level 10.5 Armour
 - Level 2.4 Dodging
 * Level 6.7 Stealth
 + Level 15.3 Shields
 + Level 23.0 Unarmed Combat


You had 16 spell levels left.
You didn't know any spells.
Your spell library contained the following spells:

 Spells                   Type           Power      Damage    Failure   Level
 Kiss of Death            Conj/Necr      0%         2d5       96%         1
 Sandblast                Erth           0%         2d4       96%         1
 Slow                     Hex            0%         N/A       96%         1
 Sting                    Tmut/Pois      0%         1d3       96%         1
 Blink                    Tloc           0%         N/A       99%         2
 Cigotuvi's Dreadful Rot  Necr/Pois/Air  0%         N/A       99%         2
 Passwall                 Tmut/Erth      0%         N/A       99%         2
 Poisonous Vapours        Pois/Air       0%         N/A       99%         2
 Static Discharge         Conj/Air       0%         2-2/arc   99%         2
 Confusing Touch          Hex            0%         N/A       100%        3
 Dazzling Flash           Conj/Hex       0%         N/A       100%        3
 Inner Flame              Hex/Fire       0%         N/A       100%        3
 Ozocubu's Armour         Ice            0%         N/A       100%        3
 Tukima's Dance           Hex            0%         N/A       100%        3
 Vampiric Draining        Necr           0%         2d6       100%        3
 Vhi's Electric Charge    Tloc/Air       0%         N/A       100%        3
 Dispel Undead            Necr           0%         3d6       100%        4
 Flame Wave               Conj/Fire      0%         2d4       100%        4
 Iskenderun's Mystic Bla  Conj/Tloc      0%         2d3       100%        4
 Leda's Liquefaction      Hex/Erth       0%         N/A       100%        4
 Manifold Assault         Tloc           0%         N/A       100%        4
 Olgreb's Toxic Radiance  Pois           0%         N/A       100%        4
 Passage of Golubria      Tloc           0%         N/A       100%        4
 Petrify                  Tmut/Erth      0%         N/A       100%        4
 Sticky Flame             Conj/Fire      0%         2d3       100%        4
 Summon Ice Beast         Ice/Summ       0%         N/A       100%        4
 Arcjolt                  Conj/Air       0%         1d10      100%        5
 Blade Hands              Tmut           0%         N/A       100%        5
 Lightning Bolt           Conj/Air       0%         1d11      100%        5
 Summon Mana Viper        Hex/Summ       0%         N/A       100%        5
 Yara's Violent Unravell  Hex/Tmut       0%         3d3       100%        5
 Death Channel            Necr           0%         N/A       100%        6
 Iron Shot                Conj/Erth      0%         9d1       100%        6
 Starburst                Conj/Fire      0%         6d3       100%        6
 Statue Form              Tmut/Erth      0%         N/A       100%        6
 Monstrous Menagerie      Summ           0%         N/A       100%        7
 Ozocubu's Refrigeration  Ice            0%         4d7       100%        7
 Storm Form               Tmut/Air       0%         N/A       100%        7
 Borgnjor's Revivificati  Necr           0%         N/A       100%        8
 Necromutation            Tmut/Necr      0%         N/A       100%        8
 Death's Door             Necr           0%         N/A       100%        9


Dungeon Overview and Level Annotations

Branches:
Dungeon (15/15)            Temple (1/1) D:4            Lair (5/5) D:11
  Swamp (4/4) Lair:2        Snake (4/4) Lair:3        Slime (0/5) Lair:4
    Orc (2/2) D:11            Elf (0/3) Orc:2        Vaults (0/5) D:13
 Depths (0/4) D:15        Gauntlet (visited)

Altars:
Ashenzari
Cheibriados
Dithmenos
Elyvilon
Fedhas
Gozag
Hepliaklqana
Kikubaaqudgha
Makhleb
Nemelex Xobeh
Okawaru
Qazlal
Ru
Sif Muna
Trog
Uskayaw
Vehumet
Wu Jian
Xom
Yredelemnul
Zin
The Shining One
Jiyva

Shops:
D:2 ?   D:9 *   D:13 (   Orc:1 :   Orc:2 ([[(   Snake:2 [   Snake:3 !(


Innate Abilities, Weirdness & Mutations

Your life essence is reduced to manifest your ancestor. (-10% HP)
You are too large for most types of armour.
You have claws for hands.
Your natural rate of healing is unusually fast.
You are covered in fur. (AC +1)
You have tough skin. (AC +1)
You have a pair of small horns on your head.
You possess an exceptional clarity of mind.
Your spells are a little harder to cast, but a little more powerful.


Message History

You are too injured to fight recklessly!
You are too injured to fight recklessly!
You are too injured to fight recklessly!
You are too injured to fight recklessly!
You are too injured to fight recklessly!
You are too injured to fight recklessly!
You are too injured to fight recklessly!
You are too injured to fight recklessly!
You are too injured to fight recklessly!
You are too injured to fight recklessly!
You are too injured to fight recklessly!
You are too injured to fight recklessly!
You are too injured to fight recklessly!
You are too injured to fight recklessly!
You are too injured to fight recklessly!
You are too injured to fight recklessly!
You are too injured to fight recklessly!
The naga warrior's grasp on you weakens, but your attempt to escape fails.
You feel extremely sick.
The black mamba bites you but does no damage.
The naga mage hits you but does no damage.
You block the naga warrior's attack. The naga warrior constricts you.
The shock serpent shoots out a bolt of lightning at you!
The bolt of electricity hits you!!
* * * LOW HITPOINT WARNING * * *
A naga warrior comes into view. It is wielding a +0 war axe.
The salamander hits you from afar with a +0 trident.
* * * LOW HITPOINT WARNING * * *
You are engulfed in flames!
* * * LOW HITPOINT WARNING * * *
The naga sharpshooter spits poison at you.
The splash of poison hits you!
You are more poisoned.
* * * LOW HITPOINT WARNING * * *
You block the black mamba's attack. The naga barely misses you.
The naga mage hits you from afar with a +0 spear.
* * * LOW HITPOINT WARNING * * *
You block the naga ritualist's attack.
The naga warrior hits you with a +0 scimitar!!
You die...

..........N..
..............
........?N....
.N............
....N..N......
....SNNNS.....
....S)@.$.....
....S†S<......
......N.......
..$...........
........?.....
..............
..............
............#


You could see 2 naga warriors, 2 naga sharpshooters, a salamander, an anaconda
(paralysed), a naga ritualist (curare), a shock serpent, 3 black mambas, 2 naga
magi and a naga (catching breath).

Vanquished Creatures
  the Lernaean hydra (Swamp:4)
  Jorgrun (Swamp:3)
  Gastronok (Lair:2)
  2 thorn hunters
  Agnes (Snake:2)
  Roxanne (Swamp:3)
  The ghost of sirJeffrey23 the Warrior, a journeyman MiFi of the Shining One (Orc:1)
  A nagaraja (Snake:1)
  Aizul (Snake:2)
  Louise (Swamp:3)
  A stone giant (D:15)
  An eleionoma (Swamp:2)
  Nessos (D:13)
  A minotaur (Gauntlet)
  5 bunyips
  A dire elephant (Lair:5)
  Snorg (D:13)
  A fire dragon (Lair:5)
  2 shambling mangroves (Swamp:2)
  3 vault guards (D:13)
  6 ghost crabs
  11 alligators
  14 hydras
  7 two-headed ogres
  A spriggan air mage (Swamp:3)
  A catoblepas (Lair:5)
  2 centaur warriors
  A tengu warrior (D:13)
  9 anacondas
  4 boulder beetles
  A death knight (D:15)
  7 death yaks
  8 naga warriors
  Urug (Lair:2)
  A spriggan berserker (Swamp:2)
  7 naga sharpshooters
  2 orc high priests (Orc:2)
  A soul eater (Gauntlet)
  2 shock serpents
  2 salamander mystics (Snake:3)
  3 goliath frogs
  3 spriggan druids
  12 swamp dragons
  2 bog bodies
  3 naga ritualists
  A lindwurm (Lair:5)
  A necromancer (Gauntlet)
  2 orc knights (Orc:1)
  4 deep elf pyromancers
  4 mana vipers
  12 ugly things
  An oklob plant (Lair:4)
  A phantasmal warrior (D:15)
  7 orc sorcerers
  4 will-o-the-wisps
  13 salamanders
  6 cyclopes
  A moth of wrath (shapeshifter) (D:15)
  5 elephants
  6 manticores
  Joseph (D:8)
  2 torpor snails (Lair:5)
  4 apocalypse crabs (Swamp:3)
  16 naga magi
  30 black mambas
  A gargoyle (D:11)
  5 cane toads
  A hellion (Gauntlet)
  5 rime drakes (Lair:5)
  Psyche (D:8)
  2 freezing wraiths (D:15)
  2 kobold demonologists (D:14)
  8 komodo dragons
  2 efreet
  A tengu conjurer (D:14)
  A queen bee (Lair:2)
  A bloated husk (Swamp:2)
  12 tyrant leeches
  4 trolls
  2 polar bears
  13 hornets
  8 blink frogs (Lair:1)
  9 dream sheep (Lair:5)
  10 slime creatures
  10 spriggans
  3 wraiths
  2 shadows
  7 basilisks
  8 wyverns
  A water elemental (D:11)
  64 yaks
  7 humans (D:13)
  A human (shapeshifter) (D:15)
  A hog (Snake:3)
  3 steam dragons
  4 vampire mosquitoes (D:13)
  26 nagas
  10 swamp worms
  3 wargs
  The ghost of pigah the Charlatan, an amateur OpWn (D:4)
  3 acid dragons
  A hell hound (Gauntlet)
  10 water moccasins
  Duvessa (D:5)
  2 ice beasts
  28 orc warriors
  3 swamp drakes (Swamp:4)
  A black bear (Lair:1)
  A sky beast (D:7)
  17 centaurs
  8 ogres
  21 wolves
  3 kobold brigands
  Blork the orc (D:4)
  10 bullfrogs
  6 gnoll sergeants
  3 scorpions
  4 necrophages
  Dowan (D:5)
  3 wights
  20 killer bees (Lair:2)
  5 howler monkeys
  6 electric eels
  A crimson imp (D:7)
  A gnoll bouda (D:6)
  21 orc priests
  4 hounds
  A jelly (D:6)
  7 iguanas
  26 orc wizards
  A hell rat (Lair:5)
  32 gnolls
  12 adders
  2 shadow imps
  6 white imps
  An ufetubus (D:5)
  3 worms (D:4)
  A dart slug (D:4)
  72 orcs
  3 bats
  8 endoplasms
  3 giant cockroaches
  4 goblins
  7 hobgoblins
  7 jackals
  10 kobolds
  5 quokkas
  8 ball pythons
  2 frilled lizards
  3 rats
  A briar patch (Swamp:2)
  A bush (Lair:2)
910 creatures vanquished.

Vanquished Creatures (collateral kills)
  Kirke (Snake:3)
  An eleionoma (Swamp:1)
  An entropy weaver (shapeshifter) (D:14)
  A vault guard (D:13)
  4 hydras
  A two-headed ogre (D:12)
  A death yak (Lair:5)
  2 salamander mystics
  A death drake (Swamp:2)
  2 naga ritualists
  2 swamp dragons
  A spriggan druid (Swamp:3)
  2 ugly things (D:14)
  2 black mambas
  An unseen horror (D:13)
  4 hornets
  2 spriggans (Swamp:1)
  A hog (shapeshifter) (D:15)
  3 yaks
  A swamp worm (Swamp:2)
  3 nagas
  2 orc warriors
  An ogre (Orc:2)
  A wolf (Lair:3)
  2 wights (D:9)
  4 killer bees (Lair:2)
  4 electric eels
  3 orc priests (Orc:2)
  11 orc wizards
  An iguana (Lair:5)
  4 gnolls
  A shadow imp (Gauntlet)
  15 orcs
  5 kobolds
91 creatures vanquished.

Vanquished Creatures (others)
  A spriggan druid (Swamp:4)
  A wizard (D:8)
  A bloated husk (Swamp:2)
  A yak (D:8)
  3 humans
  An ancestor (D:8)
  20 hexers
  An orc wizard (Orc:2)
  3 orcs
  A briar patch (Swamp:2)
  14 fungi
  34 plants
  26 withered plants
107 creatures vanquished.

Grand Total: 1108 creatures vanquished

Notes
Turn   | Place    | Note
-------+----------+-------------------------------------------
     0 | D:1      | purpskrrrp the Troll Fighter began the quest for the Orb.
     0 | D:1      | Reached XP level 1. HP: 22/22 MP: 0/0
   114 | D:1      | Reached XP level 2. HP: 29/29 MP: 1/1
   883 | D:2      | Reached XP level 3. HP: 30/36 MP: 2/2
   901 | D:2      | Reached skill level 3 in Unarmed Combat
   984 | D:2      | Reached XP level 4. HP: 43/44 MP: 3/3
  1150 | D:2      | Noticed a necrophage
  1153 | D:2      | Killed a necrophage
  1263 | D:2      | Found Doddoiw's Magic Scroll Shoppe.
  1407 | D:2      | Identified 4 scrolls of acquirement
  1407 | D:2      | Acquired a manual of Fighting
  1409 | D:2      | Acquired 849 gold pieces
  1411 | D:2      | Acquired a manual of Unarmed Combat
  1462 | D:3      | Reached skill level 4 in Unarmed Combat
  1462 | D:3      | Reached XP level 5. HP: 23/50 MP: 4/4
  1526 | D:3      | Identified the +3 short sword of the Manifold Quests
                  | {flame, rElec Int+5}
  1605 | D:3      | Reached skill level 5 in Unarmed Combat
  1776 | D:2      | Gained mutation: You are clumsy. (Dex -2) [potion of
                  | mutation]
  1945 | D:3      | Found a faded altar of an unknown god.
  2052 | D:3      | Found an iron altar of Okawaru.
  2152 | D:3      | Reached XP level 6. HP: 61/61 MP: 5/5
  2244 | D:3      | Identified the +2 robe of Binutifa {rPois Dex+5}
  2421 | D:4      | Reached skill level 6 in Unarmed Combat
  2443 | D:4      | Found a staircase to the Ecumenical Temple.
  2462 | Temple   | Entered the Ecumenical Temple
  2752 | Temple   | Became a worshipper of Hepliaklqana the Forgotten
  2778 | D:4      | Found a runed translucent door.
  2787 | D:4      | Noticed pigah's ghost (amateur OpWn)
  2810 | D:4      | Killed pigah's ghost
  2811 | D:4      | Reached skill level 7 in Unarmed Combat
  2844 | D:4      | Reached XP level 7. HP: 37/71 MP: 6/6
  2939 | D:4      | Reached skill level 8 in Unarmed Combat
  3014 | D:4      | Noticed Blork the orc
  3027 | D:4      | Killed Blork the orc
  3028 | D:4      | Reached skill level 5 in Fighting
  3233 | D:4      | Reached skill level 9 in Unarmed Combat
  3625 | D:5      | Entered Level 5 of the Dungeon
  3636 | D:5      | Noticed a two-headed ogre
  3644 | D:5      | Killed a two-headed ogre
  3645 | D:5      | Reached skill level 11 in Unarmed Combat
  3645 | D:5      | Reached XP level 8. HP: 49/84 MP: 7/7
  3728 | D:5      | Reached skill level 12 in Unarmed Combat
  4190 | D:5      | Noticed Dowan
  4191 | D:5      | Noticed Duvessa
  4197 | D:5      | Killed Duvessa
  4198 | D:5      | Killed Dowan
  4336 | D:6      | Reached * piety under Hepliaklqana
  4348 | D:6      | Reached XP level 9. HP: 84/84 MP: 8/8
  4411 | D:6      | Noticed a two-headed ogre
  4417 | D:6      | Killed a two-headed ogre
  4418 | D:6      | Reached skill level 13 in Unarmed Combat
  4433 | D:6      | Reached skill level 14 in Unarmed Combat
  4512 | D:6      | Found an opulent altar of Gozag.
  4529 | D:6      | Found a broken altar of Ashenzari.
  4788 | D:6      | Found a white marble altar of Elyvilon.
  4788 | D:6      | Found an ancient bone altar of Kikubaaqudgha.
  4792 | D:6      | Found a blossoming altar of Fedhas.
  4792 | D:6      | Found a burning altar of Makhleb.
  5082 | D:6      | Acquired a manual of Unarmed Combat
  5250 | D:7      | Reached skill level 15 in Unarmed Combat
  5507 | D:7      | Reached XP level 10. HP: 96/97 MP: 9/9
  6093 | D:8      | Noticed Joseph
  6101 | D:8      | Killed Joseph
  6102 | D:8      | Reached skill level 10 in Fighting
  6158 | D:8      | Reached skill level 16 in Unarmed Combat
  6257 | D:8      | Noticed Psyche
  6268 | D:8      | Reached skill level 1 in Armour
  6281 | D:8      | Reached skill level 5 in Shields
  6283 | D:8      | Killed Psyche
  6382 | D:8      | Found a bloodstained altar of Trog.
  6397 | D:8      | Reached ** piety under Hepliaklqana
  6398 | D:8      | Remembered your ancestor Friðuswiþ as a hexer
  6866 | D:8      | Noticed a wizard
  6872 | D:8      | Killed a wizard
  6961 | D:9      | Reached skill level 17 in Unarmed Combat
  6961 | D:9      | Noticed a manticore
  6971 | D:9      | Killed a manticore
  6977 | D:9      | Noticed a cyclops
  6984 | D:9      | Killed a cyclops
  6985 | D:9      | Reached XP level 11. HP: 87/107 MP: 10/10
  7264 | D:9      | Found a stormy altar of Qazlal.
  7588 | D:9      | Found Ysacrel's Fire Supplies.
  8028 | D:10     | Entered Level 10 of the Dungeon
  8122 | D:10     | Noticed a two-headed ogre
  8127 | D:10     | Killed a two-headed ogre
  8238 | D:10     | Reached skill level 18 in Unarmed Combat
  8272 | D:10     | Noticed a two-headed ogre
  8278 | D:10     | Killed a two-headed ogre
  8317 | D:10     | Reached *** piety under Hepliaklqana
  8605 | D:11     | Noticed a red ugly thing
  8613 | D:11     | Killed a red ugly thing
  8666 | D:11     | Found a staircase to the Orcish Mines.
  8707 | D:11     | Found a staircase to the Lair.
  8789 | D:11     | Reached XP level 12. HP: 106/118 MP: 11/11
  8916 | D:11     | Paralysed by a centaur for 3 turns
  8984 | D:11     | Reached skill level 19 in Unarmed Combat
  9244 | D:12     | Noticed a two-headed ogre
  9245 | D:12     | Killed a two-headed ogre
  9483 | D:12     | Reached **** piety under Hepliaklqana
  9505 | D:12     | Noticed a two-headed ogre
  9513 | D:12     | Killed a two-headed ogre
  9514 | D:12     | Noticed a boulder beetle
  9518 | D:12     | Killed a boulder beetle
  9719 | D:13     | Noticed a five-headed hydra
  9720 | D:13     | Noticed Nessos
  9721 | D:13     | Noticed a tengu warrior
  9731 | D:13     | Killed a seven-headed hydra
  9732 | D:13     | Reached skill level 5 in Armour
  9735 | D:13     | Killed a tengu warrior
  9738 | D:13     | Killed Nessos
  9744 | D:13     | Noticed Snorg
  9755 | D:13     | Killed Snorg
  9828 | D:13     | Found a gate leading to a gauntlet.
  9856 | Gauntlet | Entered a Gauntlet
  9856 | Gauntlet | Found a transporter.
  9872 | Gauntlet | Noticed a death scarab
  9875 | Gauntlet | Found a transporter.
  9880 | Gauntlet | Found a transporter.
  9885 | Gauntlet | Found a transporter.
  9900 | Gauntlet | Found a transporter.
  9919 | Gauntlet | Found a transporter.
  9931 | Gauntlet | Found a transporter.
  9931 | Gauntlet | Noticed a death yak
  9931 | Gauntlet | Noticed a death yak
  9933 | Gauntlet | Noticed a death yak
  9943 | Gauntlet | Found a transporter.
  9955 | Gauntlet | Found a transporter.
  9967 | Gauntlet | Found a transporter.
  9973 | Gauntlet | Found a transporter.
  9973 | Gauntlet | Found a transporter.
 10012 | Gauntlet | Found a transporter.
 10039 | Gauntlet | Found a transporter.
 10059 | Gauntlet | Found a transporter.
 10137 | Gauntlet | Found a transporter.
 10157 | Gauntlet | Found a transporter.
 10262 | Gauntlet | Found a transporter.
 10369 | Gauntlet | Identified the ring of Dogma {Fire rElec Will- Int+3}
 10385 | Gauntlet | Identified the +1 chain mail of the Chupacabra {rC+ Regen+
                  | rCorr}
 10385 | Gauntlet | Noticed a minotaur
 10410 | Gauntlet | Killed a minotaur
 10410 | Gauntlet | HP: 7/178 [cloud of flame (4)]
 10411 | Gauntlet | Reached skill level 10 in Shields
 10507 | Gauntlet | Identified the +6 spear "Killer Bee's Peril" {heavy, Int-3
                  | SInv Stlth+}
 10507 | Gauntlet | Identified the +6 longbow of the Inferno {speed, Str+8}
 10534 | D:13     | Reached XP level 13. HP: 120/126 MP: 12/12
 10831 | D:13     | Found Wadar's Antique Weapon Emporium.
 10878 | D:13     | Reached skill level 20 in Unarmed Combat
 10995 | D:13     | Found a gate to the Vaults.
 11155 | D:14     | Found a hazy altar of Hepliaklqana.
 11547 | D:14     | Reached ***** piety under Hepliaklqana
 11716 | D:14     | Lost mutation: You are clumsy. (Dex -2) [potion of
                  | mutation]
 11716 | D:14     | Gained mutation: You possess an exceptional clarity of
                  | mind. [potion of mutation]
 11716 | D:14     | Gained mutation: Your spells are a little harder to cast,
                  | but a little more powerful. [potion of mutation]
 11716 | D:14     | Gained mutation: You have a pair of small horns on your
                  | head. [potion of mutation]
 11737 | D:15     | Entered Level 15 of the Dungeon
 11896 | D:15     | Found a staircase to the Depths.
 11896 | D:15     | Noticed a stone giant
 11916 | D:15     | Killed a stone giant
 12247 | D:15     | Reached XP level 14. HP: 98/138 MP: 13/13
 12346 | D:15     | Found an ancient bone altar of Kikubaaqudgha.
 12796 | Lair:1   | Entered Level 1 of the Lair of Beasts
 13608 | Lair:2   | Reached skill level 21 in Unarmed Combat
 13613 | Lair:2   | Found a staircase to the Swamp.
 13713 | Lair:2   | Noticed Urug
 13744 | Lair:2   | Killed Urug
 14052 | Lair:2   | Reached ****** piety under Hepliaklqana
 14117 | Lair:2   | Noticed Gastronok
 14126 | Lair:2   | Killed Gastronok
 14734 | Lair:3   | Found a staircase to the Snake Pit.
 15281 | Lair:4   | Found a viscous altar of Jiyva.
 15282 | Lair:4   | Found a staircase to the Slime Pits.
 15397 | Lair:4   | Identified the +2 great mace of Hentaneffi {freeze, rElec
                  | rN+ Str-5}
 15853 | Lair:4   | Got the Annotations on the Switch
 15941 | Lair:5   | Entered Level 5 of the Lair of Beasts
 16090 | Lair:5   | Reached XP level 15. HP: 125/148 MP: 14/14
 16556 | Lair:5   | Reached skill level 15 in Fighting
 17159 | Orc:1    | Entered Level 1 of the Orcish Mines
 17199 | Orc:1    | Found Alunaheu's Vocational Training.
 17489 | Orc:1    | Found a runed translucent door.
 17489 | Orc:1    | Noticed sirJeffrey23's ghost (journeyman MiFi)
 17757 | Orc:1    | Killed sirJeffrey23's ghost
 17801 | Orc:2    | Entered Level 2 of the Orcish Mines
 17805 | Orc:2    | Found a staircase to the Elven Halls.
 18071 | Orc:2    | Reached skill level 22 in Unarmed Combat
 18301 | Orc:2    | Found Hez Yth's Armour Shoppe.
 18301 | Orc:2    | Found Citomn's Antique Weapon Shoppe.
 18314 | Orc:2    | Found Ugedoq's Antique Armour Emporium.
 18318 | Orc:2    | Found Jesesin's Antique Weapon Emporium.
 18321 | Orc:2    | Bought the +2 hood of the Assassin {Detect Stab+ Stlth++}
                  | for 960 gold pieces
 18321 | Orc:2    | Found the +2 hood of the Assassin {Detect Stab+ Stlth++}
 18548 | Swamp:1  | Entered Level 1 of the Swamp
 18671 | Swamp:1  | Reached skill level 1 in Stealth
 19285 | Swamp:2  | Noticed a thorn hunter
 19292 | Swamp:2  | Reached XP level 16. HP: 103/160 MP: 15/15
 19314 | Swamp:2  | Killed a thorn hunter
 19444 | Swamp:2  | Paralysed by a hornet for 3 turns
 20029 | Swamp:3  | Identified the +0 tower shield of Ignis's Felicitations
                  | {*Slow Dex+4 Slay+3}
 20029 | Swamp:3  | Noticed Louise
 20037 | Swamp:3  | Killed Louise
 20040 | Swamp:3  | Noticed Jorgrun
 20213 | Swamp:3  | Killed Jorgrun
 20668 | Swamp:3  | Found a runed translucent door.
 20736 | Swamp:3  | Identified Roxanne's Papyrus of the Mantle
 20736 | Swamp:3  | Noticed Roxanne
 21263 | Swamp:3  | Killed Roxanne
 21478 | Swamp:4  | Entered Level 4 of the Swamp
 21993 | Swamp:4  | Noticed a thorn hunter
 22000 | Swamp:4  | Killed a thorn hunter
 22264 | Swamp:4  | Noticed the 27-headed Lernaean hydra
 22271 | Swamp:4  | Killed the 26-headed Lernaean hydra
 22272 | Swamp:4  | Reached skill level 5 in Stealth
 22287 | Swamp:4  | Reached XP level 17. HP: 142/168 MP: 16/16
 22338 | Swamp:4  | Got a decaying rune of Zot
 22542 | Snake:1  | Entered Level 1 of the Snake Pit
 22947 | Snake:1  | Found a sacrificial altar of Ru.
 23068 | Snake:1  | Identified the +10 short sword of Iponos {drain, rCorr}
 23130 | Snake:1  | Reached skill level 10 in Armour
 23244 | Snake:1  | Identified the +0 scale mail "Zaxoisib" {rF++ Will-}
 23451 | Snake:2  | Noticed Agnes
 23539 | Snake:2  | Noticed Aizul
 23542 | Snake:2  | Killed Agnes
 23556 | Snake:2  | Killed Aizul
 23881 | Snake:2  | Reached skill level 15 in Shields
 24084 | Snake:2  | Found Boju's Armour Emporium.
 24291 | Snake:2  | Bought a scarf of shadows for 204 gold pieces
 24718 | Snake:3  | Found Oludiown's Distillery.
 24718 | Snake:3  | Found Ydyschuts's Antique Weapon Shoppe.
 24802 | Snake:3  | Bought a potion of curing for 48 gold pieces
 24802 | Snake:3  | Bought a potion of invisibility for 128 gold pieces
 24802 | Snake:3  | Bought a potion of heal wounds for 80 gold pieces
 24889 | Snake:3  | Identified the +9 dagger of the Nexus {spect, Fly rF+ rN++
                  | Int-3}
 24990 | Snake:3  | Noticed Kirke
 25002 | Snake:3  | Killed Kirke
 25352 | Snake:4  | Entered Level 4 of the Snake Pit
 25358 | Snake:4  | Reached skill level 23 in Unarmed Combat
 25370 | Snake:4  | HP: 7/170 [naga mage/+0 spear (5)]
 25370 | Snake:4  | Mangled by a naga warrior

Illustrated notes

Levels and vault maps discovered:
D:1:      dpeg_arrival_boxes_within_box, layout_basic
D:2:      layout_loops_ring, serial_shops, shop, nicolae_kite_square_tiling_tiny
D:3:      layout_rooms, okawaru_metal_pillars_3, ebering_ecumenical_altar_rust
D:4:      layout_basic, minmay_temple_entry_overgrown, ebering_ghost_sewer_d,
          minmay_manual_monstrance, uniq_blork_the_orc
D:5:      layout_basic, uniq_duvessa
D:6:      layout_gridville, mainiacjoe_overflow_tiny_flanked,
          grunt_temple_overflow_open, cheibrodos_ashenzari_chains, minivault_5,
          minmay_pentangle
D:7:      layout_cave_pools, minmay_fire_ice_demons
D:8:      layout_basic, trog_wizard, chequers_serial_rivers_marsh, uniq_psyche,
          uniq_joseph
D:9:      minmay_ornate_pinched, layout_basic, general_overflow_altar,
          roderic_serpentine_path, nicolae_shop_fire_sale
          [nicolae_sub_dead_trees], minmay_crystal_water, grunt_ministairs_1
D:10:     layout_cave_pools, dk_noncrumbling_3
D:11:     layout_cave_pools, lair_entry_dummy, erik_orc_2
D:12:     layout_rooms, minivault_10
D:13:     layout_big_octagon, ximxim_vaults_locker_room, gauntlet_entry_generic,
          serial_shops, shop, kennysheep_doodads, uniq_snorg, uniq_nessos
D:14:     layout_basic, minmay_misc_feat_secret_circle,
          nicolae_hepliaklqana_hazy_memory
D:15:     grunt_enter_depths_giant_problem, layout_long_grid,
          kiku_gazebo_garden_becter
Temple:   oiseaux_autumnal_temple
Lair:1:   layout_regular_city
Lair:2:   layout_roguey, minmay_swamp_entry_worms, special_room
          [special_room_bee], grunt_megastairs_3, uniq_gastronok, uniq_urug
Lair:3:   layout_gridlike, dummy_snake_entry
Lair:4:   layout_regular_city, slime_entry_1, minmay_lair_oklob_items
Lair:5:   hangedman_lair_in_review, layout_misc_corridors,
          guppyfry_lair_end_dragon, grunt_forest_large_clearing_hut,
          lemuel_fruit_fields
Swamp:1:  layout_basic_swamp, hangedman_swamp_cone, swamp_pool1
Swamp:2:  layout_falls_marsh, evilmike_swamp_ruin_house_5, swamp_pool3,
          nicolae_swamp_feature_on_the_river_bank
Swamp:3:  gammafunk_mikee_crab_dinner, layout_basic_swamp,
          nicolae_swamp_treefoil, swamp_pool2, infiniplex_staircase_pool_2,
          uniq_roxanne, uniq_louise, uniq_jorgrun
Swamp:4:  swamp_old_school, layout_basic_swamp
Snake:1:  layout_onion, basic_altar, nicolae_snake_snakewalk
Snake:2:  layout_misc_corridors, serial_shops, nicolae_shop_crystal,
          grunt_ministairs_8, nicolae_snake_serpentine_hallways, uniq_aizul,
          uniq_agnes
Snake:3:  layout_onion, minmay_shoptagon, nicolae_triple_integral, uniq_kirke
Snake:4:  hellmonk_snake_rune_quicksilver_temple, layout_onion,
          nicolae_snake_salamander_zone
Orc:1:    layout_caves, hellmonk_ghost_happy_afterlife, nicolae_shop_vocational
Orc:2:    st_orc_mages, layout_caves

Skill      XL: |  1  2  3  4  5  6  7  8  9 10 11 12 13 14 15 16 17 |
---------------+----------------------------------------------------+-----
Shields        | 3 4 6 8 10 11 13 14 15 | 15.3
Unarmed Combat | 3 4 5 7 11 12 15 17 18 19 20 21 22 23 | 23.0
Fighting       | 3 4 6 7 9 10 11 12 13 14 15 16 | 16.6
Armour         | 2 4 5 6 7 8 9 10 | 10.5
Stealth        | 2 5 6 |  6.7
Dodging        | |  2.4

Action                     |  1- 3 |  4- 6 |  7- 9 | 10-12 | 13-15 | 16-18 || total
---------------------------+-------+-------+-------+-------+-------+-------++-------
  Melee: Unarmed           |    88 |   101 |   212 |   380 |   836 |   561 ||  2178
         Headbutt          |       |       |       |       |   140 |   108 ||   248
  Throw: Throwing net      |       |       |     1 |       |       |       ||     1
         Large rock        |       |       |       |       |     5 |     7 ||    12
         Javelin           |       |       |       |       |     3 |     3 ||     6
 Invoke: Ancestor Life: He |       |       |       |     1 |       |       ||     1
  Evoke: Wand              |       |     1 |     1 |    22 |     3 |     7 ||    34
    Use: Potion            |     1 |     3 |       |     5 |     3 |     3 ||    15
         Scroll            |       |    12 |     2 |    20 |    11 |     7 ||    52
   Stab: Sleeping          |       |     1 |       |     1 |       |    16 ||    18
         Distracted        |       |       |       |     3 |     7 |     8 ||    18
         Confused          |       |       |       |     3 |    13 |     6 ||    22
         Paralysed         |       |       |       |       |    18 |    20 ||    38
         Invisible         |       |       |       |       |       |     3 ||     3
         Petrified         |       |       |       |       |       |     1 ||     1
 Armour: Robe              |    38 |    31 |    54 |       |       |       ||   123
         Shadow dragon sca |       |       |    25 |   119 |   315 |   249 ||   708
  Dodge: Dodged            |    25 |    35 |    46 |   118 |   132 |   105 ||   461
  Block: Kite shield       |    47 |    37 |    93 |   156 |   585 |   420 ||  1338
         Reflection        |       |       |       |       |    23 |    32 ||    55
         Other             |       |       |       |       |       |     2 ||     2

Table legend: (Time is in decaauts)
 A = Elapsed time spent in this place.
 B = Non-inter-level travel time spent in this place.
 C = Inter-level travel time spent in this place.
 D = Time resting spent in this place.
 E = Time spent auto-exploring this place.
 F = Levels seen in this place.
 G = Mean time per level.
                   A        B        C        D        E       F      G
               +--------+--------+--------+--------+--------+-----+--------+
         Total |  24931 |  23409 |   1522 |   1727 |  16527 |  32 |  779.1 |
       Dungeon |  11790 |  11022 |    768 |    616 |   8147 |  15 |  786.0 |
        Temple |    313 |    237 |     76 |      0 |    220 |   1 |  313.0 |
          Lair |   4311 |   4008 |    303 |     68 |   3199 |   5 |  862.2 |
         Swamp |   3895 |   3623 |    272 |    703 |   1993 |   4 |  973.8 |
     Snake Pit |   2723 |   2670 |     53 |    242 |   1839 |   4 |  680.8 |
  Orcish Mines |   1222 |   1173 |     49 |      2 |    803 |   2 |  611.0 |
      Gauntlet |    675 |    675 |      0 |     95 |    326 |   1 |  675.0 |
               +--------+--------+--------+--------+--------+-----+--------+

Top non-repeatable levels by time:
 Swamp:3: 1248 daAuts
  Lair:2: 1115 daAuts
     D:9: 1092 daAuts
 Swamp:2: 1079 daAuts
  Lair:5: 1053 daAuts
     D:4: 1013 daAuts
    D:15: 973 daAuts
     D:6: 953 daAuts
 Snake:3: 952 daAuts
     D:2: 937 daAuts
     D:8: 885 daAuts
 Snake:2: 882 daAuts
 Swamp:4: 879 daAuts
 Snake:1: 872 daAuts
     D:1: 830 daAuts
